 Dungeon Crawl Stone Soup version 0.31.0-10-gcf4a605ca0 (webtiles) character file.

Game seed: 5379155818096365492

907 DrabbleWriter the Covert (level 8, -4/46 HPs)
             Began as a Kobold Brigand on Jan 25, 2024.
             Was a Priest of Nemelex Xobeh.
             Slain by a gnoll sergeant
             ... wielding the +6 spear of the Fox {venom, rC+ Will+}
              (9 damage)
             ... on level 5 of the Dungeon.
             The game lasted 00:21:50 (5779 turns).

DrabbleWriter the Covert (Kobold Brigand)           Turns: 5779, Time: 00:21:51

Health: -4/46      AC: 10    Str: 11    XL:     8   Next: 29%
Magic:  9/9        EV:  8    Int: 12    God:    Nemelex Xobeh [***...]
Gold:   224        SH:  0    Dex: 16    Spells: 7/7 levels left

rFire   + + .        a - +2 dagger
rCold   . . .        (no shield)
rNeg    . . .        p - +2 robe {rF+}
rPois   +            o - +0 helmet of Dithmenos's Esteem {-Cast Rampage rElec rF+}
rElec   +            c - +0 cloak
rCorr   .            (no gloves)
SInv    .            (no boots)
Will    .....        (no amulet)
Stlth   +++++        l - ring of poison resistance
HPRegen 0.27/turn    t - +4 ring of protection
MPRegen 0.11/turn

%: no spellcasting, rampage
@: held
A: small, no large weapons, nightstalker 3
a: Renounce Religion, Draw Escape, Draw Destruction, Draw Summoning, Triple Draw


You were on level 5 of the Dungeon.
You worshipped Nemelex Xobeh.
Nemelex Xobeh was most pleased with you.
You visited 2 branches of the dungeon, and saw 6 of its levels.

You collected 224 gold pieces.

Inventory:

Hand Weapons
 a - a +2 dagger (weapon)
Missiles
 f - 3 poisoned darts (quivered)
 g - 8 boomerangs
 j - 3 curare-tipped darts
Armour
 c - a +0 cloak (worn)
 o - the +0 helmet of Dithmenos's Esteem (worn) {-Cast Rampage rElec rF+}
   (You found it on level 3 of the Dungeon)

   rF+:       It protects you from fire.
   rElec:     It insulates you from electricity.
   -Cast:     It prevents spellcasting.
   Rampage:   It bestows one free step when moving towards enemies.
 p - a +2 robe of fire resistance (worn)
Jewellery
 l - a ring of poison resistance (left hand)
 t - a +4 ring of protection (right hand)
Talismans
 k - a serpent talisman
Scrolls
 h - 2 scrolls of noise
 q - 3 scrolls of vulnerability
 s - a scroll of poison
Potions
 d - a potion of magic
 i - a potion of attraction
 n - 2 potions of curing
 r - a potion of ambrosia
 u - a potion of degeneration {unknown}


   Skills:
 * Level 3.4 Fighting
 * Level 4.9 Short Blades
 * Level 3.5 Throwing
 * Level 2.1 Armour
 * Level 3.3 Dodging
 * Level 9.3 Stealth
 * Level 2.3 Invocations
 * Level 1.6 Evocations
 * Level 1.1 Shapeshifting


You had 7 spell levels left.
You didn't know any spells.
Your spell library contained the following spells:

 Spells                   Type           Power      Damage    Failure   Level
 Apportation              Tloc           0%         N/A       32%         1
 Necrotise                Necr           0%         1d4       32%         1
 Sandblast                Erth           0%         2d4       32%         1
 Sting                    Conj/Alch      0%         1d3       32%         1
 Summon Small Mammal      Summ           0%         N/A       32%         1
 Passwall                 Erth           0%         N/A       69%         3
 Stone Arrow              Conj/Erth      0%         3d7       69%         3
 Brom's Barrelling Bould  Conj/Erth      0%         2d3       97%         4


Dungeon Overview and Level Annotations

Branches:
Dungeon (5/15)             Temple (1/1) D:4

Altars:
Ashenzari
Cheibriados
Dithmenos
Elyvilon
Fedhas
Gozag
Hepliaklqana
Makhleb
Nemelex Xobeh
Sif Muna
Uskayaw
Wu Jian
Yredelemnul
The Shining One

Shops:
D:4 (   D:5 [

Annotations:
D:5 1 transporter


Innate Abilities, Weirdness & Mutations

You are small and have problems with some larger weapons.
You are completely attuned to the shadows.


Message History

The gnoll sergeant hits you with a +1 spear of venom.
Unknown command.
As you read the scroll of teleportation, it crumbles to dust.
You feel strangely unstable.
The gnoll sergeant hits you from afar with the +6 spear of the Fox {venom, rC+ Will+}.
The gnoll misses you. x2; The gnoll barely misses you.
The gnoll sergeant hits you with a +1 spear of venom.
The gnoll throws a throwing net.
The throwing net hits you.
You become entangled in the net!
The gnoll bouda hits you with a +0 whip!
* * * LOW HITPOINT WARNING * * *
Unknown command.
You feel much better. The gnoll sergeant closely misses you.
The gnoll hits you with a +0 spear. The gnoll closely misses you.
The gnoll hits you from afar with a +0 halberd!
The gnoll sergeant hits you but does no damage.
The gnoll hits you but does no damage.
You writhe in agony.
You tear a large gash into the net.
The gnoll zaps a wand.
The bolt of dispelling energy hits you.
You feel strangely stable.
The bolt of dispelling energy hits the gnoll!
The gnoll dies!
The gnoll sergeant hits you from afar with the +6 spear of the Fox {venom, rC+ Will+}.
The gnoll hits you with a +0 spear!
* * * LOW HITPOINT WARNING * * *
The gnoll hits you but does no damage.
The gnoll sergeant hits you with a +1 spear of venom.
* * * LOW HITPOINT WARNING * * *
The gnoll hits you from afar with a +0 spear of pain.
* * * LOW HITPOINT WARNING * * *
The gnoll bouda barks out a call to the hunt!
The gnolls pick up the pace!
You feel better.
The gnoll sergeant hits you from afar with a +0 trident!
* * * LOW HITPOINT WARNING * * *
The gnoll zaps a wand.
The bolt of dispelling energy hits you.
* * * LOW HITPOINT WARNING * * *
The gnoll sergeant hits you from afar with the +6 spear of the Fox {venom, rC+ Will+}!
You die...
Your body disappears without a glow.

....# #.≈≈..#.#. .#.#..≈≈..#
##### #.≈≈.##.#. .#.##.≈≈..#
#.≈≈)#gg#. .#..#.≈≈..#
#.≈≈.##.#####.##.≈≈..# ###
#.≈≈..#.#8⌠8#.#......# ##.##
#.~~.©#.).©.'.#©.....#
#÷#.###.≈≈..#(#ggg#.#......#
.###>##.≈≈.##.##.##.##.≈≈..#
## ##.#.≈≈.#..#.@g#.©#.≈≈..#
# ##..≈≈.##.gg)gg.##.≈≈..#
## ##...≈≈..#.#...#.#..≈≈..#
.###.##.≈≈###.##'##.###≈≈..#
..#.###.≈≈#g..........#≈≈..#
.#)####.≈≈#. ###g###..#≈≈..#
.#......≈≈#..#8###8#..#≈≈..#
.#####..≈≈####.....####≈≈..#
.# ##.≈≈≈≈≈≈≈≈~≈≈≈≈≈≈≈≈..#


You could see 3 gnoll sergeants, a gnoll bouda and 4 gnolls.

Vanquished Creatures
  Sigmund (D:3)
  A phantom (D:5)
  A weeping skull (D:4)
  A scorpion (D:4)
  2 hounds
  3 jellies
  A gnoll bouda (D:4)
  A sleepcap (D:5)
  An iguana (D:5)
  10 adders
  9 gnolls
  A shadow imp (D:5)
  5 dart slugs
  4 ribbon worms
  10 orcs
  7 bats
  7 endoplasms
  5 giant cockroaches
  3 goblins
  6 hobgoblins
  3 jackals (D:2)
  12 kobolds
  3 quokkas
  9 ball pythons
  2 frilled lizards
  5 rats
  A spectral orc (D:4)
114 creatures vanquished.

Vanquished Creatures (others)
  2 gnolls (D:5)
2 creatures vanquished.

Grand Total: 116 creatures vanquished

Notes
Turn   | Place    | Note
-------+----------+-------------------------------------------
     0 | D:1      | DrabbleWriter the Kobold Brigand began the quest for the
                  | Orb.
     0 | D:1      | Reached XP level 1. HP: 12/12 MP: 1/1
   109 | D:1      | Reached XP level 2. HP: 17/17 MP: 2/2
   196 | D:2      | Reached skill level 6 in Stealth
   196 | D:2      | Reached XP level 3. HP: 12/21 MP: 3/3
   595 | D:3      | Reached XP level 4. HP: 27/27 MP: 4/4
   675 | D:4      | Found Camutebb's Antique Weapon Emporium.
   735 | D:4      | Found a broken altar of Ashenzari.
   777 | D:4      | Found a staircase to the Ecumenical Temple.
   788 | Temple   | Entered the Ecumenical Temple
   840 | Temple   | Became a worshipper of Nemelex Xobeh the Trickster
  1191 | D:4      | Noticed a scorpion
  1196 | D:4      | Killed a scorpion
  1197 | D:4      | Reached skill level 1 in Armour
  1197 | D:4      | Reached skill level 7 in Stealth
  1197 | D:4      | Reached XP level 5. HP: 31/31 MP: 5/5
  1365 | D:5      | Entered Level 5 of the Dungeon
  1516 | D:5      | Found an opulent altar of Gozag.
  1538 | D:5      | Reached XP level 6. HP: 31/36 MP: 6/6
  1571 | D:5      | Found Piawk's Antique Armour Emporium.
  1620 | D:5      | Reached skill level 1 in Invocations
  1724 | D:5      | Found a transporter.
  1744 | D:5      | Reached * piety under Nemelex Xobeh
  1894 | D:5      | Received a gift from Nemelex Xobeh
  2268 | D:4      | Reached skill level 8 in Stealth
  2298 | D:4      | Reached XP level 7. HP: 22/41 MP: 6/8
  2633 | D:4      | Found a basalt altar of Yredelemnul.
  3077 | D:3      | Noticed Sigmund
  3081 | D:3      | Killed Sigmund
  3082 | D:3      | Reached skill level 1 in Evocations
  3082 | D:3      | Identified the +0 helmet of Dithmenos's Esteem {-Cast
                  | Rampage rElec rF+}
  3296 | D:3      | Reached ** piety under Nemelex Xobeh
  3622 | D:2      | Reached XP level 8. HP: 46/46 MP: 9/9
  3667 | D:2      | Found a faded altar of an unknown god.
  3669 | D:2      | Reached skill level 1 in Shapeshifting
  3857 | D:2      | Found a basalt altar of Yredelemnul.
  3877 | D:2      | Reached skill level 9 in Stealth
  4510 | D:1      | Received a gift from Nemelex Xobeh
  4724 | D:1      | Reached *** piety under Nemelex Xobeh
  5535 | D:5      | Found a hide-covered altar of Uskayaw.
  5535 | D:5      | Found a snail-covered altar of Cheibriados.
  5535 | D:5      | Found a shadowy altar of Dithmenos.
  5602 | D:5      | Identified the +6 spear of the Fox {venom, rC+ Will+}
  5602 | D:5      | Identified the +2 ring mail of Demonic Mirth {Fly Str+2}
  5602 | D:5      | Identified the +5 kite shield "Heduow" {Harm rF+ Int-4}
  5662 | D:5      | Found a transporter.
  5663 | D:5      | Identified the ring "Xukeor" {Fly Slay+2}
  5779 | D:5      | Slain by a gnoll sergeant

Illustrated notes

Levels and vault maps discovered:
D:1:      nicolae_arrival_memento_mori, layout_basic, corexii_corridor_pit,
          wad_floor_pattern_untrapped, minmay_misc_feat_five, minivault_5,
          minmay_indecisive_spiral
D:2:      layout_loops_ring, hellmonk_ecumenical_altar_dog_temple, basic_altar
D:3:      layout_loops_ring, uniq_sigmund
D:4:      layout_loops_corners, ashenzari_altar_1,
          yredelemnul_forgotten_temple_becter,
          minmay_temple_entry_drinking_statues, serial_shops,
          nicolae_shop_pleasant_corner_grove, grunt_ministairs_2
D:5:      layout_loops_ring, gammafunk_temple_overflow_forgotten,
          nicolae_gozag_seed_capital, serial_shops,
          nicolae_shop_pleasant_corner_grove, gammafunk_ghost_gnarly_gnolls,
          nrook_campfire
Temple:   nicolae_temple_colour_theory

Skill      XL: |  1  2  3  4  5  6  7  8 |
---------------+-------------------------+-----
Stealth        | 6 7 8 9 |  9.3
Short Blades   | 3 4 |  4.9
Armour         | 1 2 |  2.1
Dodging        | 2 3 |  3.3
Invocations    | 1 2 |  2.3
Throwing       | 3 |  3.5
Fighting       | 3 |  3.4
Evocations     | 1 |  1.6
Shapeshifting  | 1 |  1.1

Action                     |  1- 3 |  4- 6 |  7- 9 || total
---------------------------+-------+-------+-------++-------
  Melee: Dagger            |    55 |    97 |   111 ||   263
         Punch             |       |       |     2 ||     2
  Throw: Dart              |     6 |    20 |     6 ||    32
         Boomerang         |       |     3 |       ||     3
 Invoke: Draw Destruction  |       |     2 |     4 ||     6
         Draw Escape       |       |       |     1 ||     1
  Evoke: Wand              |       |       |     4 ||     4
    Use: Scroll            |     4 |     3 |     6 ||    13
         Potion            |       |     1 |     2 ||     3
   Stab: Sleeping          |     8 |    17 |    37 ||    62
 Armour: Robe              |    17 |    40 |    47 ||   104
  Dodge: Dodged            |    37 |    85 |    66 ||   188
         Form:             |       |       |     1 ||     1
         Serpent           |       |       |     1 ||     1
